 Dungeon Crawl Stone Soup version 0.30-a0-743-gbfdf073431 (webtiles) character file.

Game seed: 15209806721812435457

458 Leeroy the Slasher (level 7, -2/36 HPs)
             Began as a Vine Stalker Warper on Feb 7, 2023.
             Was a Follower of Uskayaw.
             Slain by an orc
             ... wielding a +1 whip of electrocution
              (4 damage)
             ... on level 4 of the Dungeon.
             The game lasted 00:06:11 (4035 turns).

Leeroy the Slasher (Vine Stalker Warper)            Turns: 4035, Time: 00:06:12

Health: -2/36      AC:  4    Str: 13    XL:     7   Next: 6%
Magic:  0/11       EV: 13    Int: 13    God:    Uskayaw [*.....]
Gold:   592        SH:  0    Dex: 16    Spells: 5/10 levels left

rFire   . . .      SeeInvis .    s - +0 scimitar
rCold   . . .      Faith    +    (no shield)
rNeg    . . .      Spirit   +    b - +0 leather armour
rPois   .          Reflect  .    g - +0 helmet
rElec   .          Harm     .    (no cloak)
rCorr   .          Rampage  .    (no gloves)
Will    .....                    (no boots)
Stlth   +                        k - amulet of faith
HPRegen 1.06/turn                (no ring)
MPRegen 0.12/turn                (no ring)

@: no status effects
A: fangs 2, regeneration 1, magic shield, antimagic bite, no potion heal 2
a: Renounce Religion, Stomp


You were on level 4 of the Dungeon.
You worshipped Uskayaw.
Uskayaw was noncommittal.
You visited 1 branch of the dungeon, and saw 5 of its levels.

You collected 616 gold pieces.
You spent 24 gold pieces at shops.

Inventory:

Hand Weapons
 a - a +0 falchion
 q - a +0 long sword
 r - a +1 vampiric dagger
 s - a +0 scimitar (weapon)
 t - a +0 rapier
Missiles
 d - a boomerang of dispersal (quivered)
 i - 15 poisoned darts
Armour
 b - a +0 leather armour (worn)
 g - a +0 helmet (worn)
Jewellery
 k - an amulet of faith (around neck)
Scrolls
 c - a scroll of teleportation {unknown}
 e - 2 scrolls of vulnerability
 f - a scroll of enchant weapon {unknown}
 j - 2 scrolls of immolation {unknown}
 o - a scroll of identify
Potions
 l - a potion of attraction {unknown}
 m - 2 potions of mutation {unknown}
 n - 3 potions of lignification {unknown}
 p - 3 potions of curing {unknown}


   Skills:
 - Level 3.1 Fighting
 + Level 5.0 Long Blades
 - Level 0.8 Throwing
 - Level 0.7 Armour
 - Level 3.4 Dodging
 - Level 2.1 Spellcasting
 - Level 3.0 Translocations
 - Level 0.2 Air Magic


You had 5 spell levels left.
You knew the following spells:

 Your Spells              Type           Power      Damage    Failure   Level
a - Blink                 Tloc           18%        N/A       14%         2
b - Vhi's Electric Charg  Tloc/Air       10%        N/A       45%         3

Your spell library contained the following spells:

 Spells                   Type           Power      Damage    Failure   Level
 Lesser Beckoning         Tloc           18%        N/A       14%         2
 Teleport Other           Tloc           9%         N/A       28%         3
 Manifold Assault         Tloc           9%         N/A       67%         4


Dungeon Overview and Level Annotations

Branches:
Dungeon (5/15)
 Temple: D:4-7

Altars:
Cheibriados
Elyvilon
Fedhas
Kikubaaqudgha
Nemelex Xobeh
Uskayaw
Wu Jian

Shops:
D:1 ?   D:3 [

Annotations:
D:4 2 transporters, Glaciallarry's ghost, amateur DgGl


Innate Abilities, Weirdness & Mutations

You have extremely sharp teeth.
Your natural rate of healing is unusually fast.
When hurt, damage is shared between your health and your magic reserves.
Your bite disrupts and absorbs the magic of your enemies.
Potions cannot restore your health.


Message History

You climb upwards.
Level annotation: 2 transporters, Glaciallarry's ghost, amateur DgGl
There is a stone staircase leading down here.
You closely miss the scorpion. Your bite misses the scorpion.
The scorpion closely misses you. The scorpion stings you.
You slash the scorpion!
The scorpion is severely wounded.
The scorpion stings you.
You hit the scorpion. You bite the scorpion. You drain its power.
You feel invigorated.
The scorpion is almost dead.
The scorpion misses you.
You can now pass through a line of other dancers.
You slash the scorpion!
You kill the scorpion!
Your Long Blades skill increases to level 5!
You have reached level 7!
You climb downwards.
The iguana barely misses you.
The orc hits you with a +1 whip of electrocution.
You are electrocuted!!
There is a stone staircase leading up here.
The orc shouts!
The iguana hisses menacingly.
The iguana barely misses you. The orc hits you but does no damage.
You climb upwards.
Level annotation: 2 transporters, Glaciallarry's ghost, amateur DgGl
There is a stone staircase leading down here.
You hit the iguana but do no damage. The iguana bites you.
The orc closely misses you. The iguana attacks as you move away!
The iguana bites you!
* * * LOW HITPOINT WARNING * * *
The orc hits you with a +1 whip of electrocution.
* * * LOW HITPOINT WARNING * * *
You are electrocuted!
* * * LOW HITPOINT WARNING * * *
You can no longer pass through a line of other dancers.
There is an open door here.
The orc attacks as you move away!
The orc hits you with a +1 whip of electrocution.
You die...

##.............'........#.......#
.##............#........#.......#
.'.............#........#.......#
.).............#...##...#....().#
.#######.......#...##...#.......#
##.....#.......'........#.......#
#......'.......#........#.......#
.......#.......#........#.......'
.###'###.......#@########.......#
'#.............lo................
.#...............................
.#...........[...................
.##########..)...................
..#...#...#.............)<.......
.''..8#._.#...........)..........
.##..[#...#........[.............
####.###.##......................


You could see an iguana and an orc.

Vanquished Creatures
  A scorpion (D:4)
  A howler monkey (D:4)
  An orc priest (D:4)
  2 gnoll boudas (D:4)
  An iguana (D:4)
  Robin (D:3)
  4 gnolls
  8 adders
  2 dart slugs (D:1)
  8 orcs
  5 ball pythons
  8 endoplasms
  14 goblins
  12 hobgoblins
  12 jackals
  11 kobolds
  5 quokkas
  9 bats
  4 frilled lizards
  6 rats
115 creatures vanquished.

Vanquished Creatures (others)
  A butterfly (D:4)
1 creature vanquished.

Grand Total: 116 creatures vanquished

Notes
Turn   | Place    | Note
-------+----------+-------------------------------------------
     0 | D:1      | Leeroy the Vine Stalker Warper began the quest for the Orb.
     0 | D:1      | Reached XP level 1. HP: 11/11 MP: 4/4
    50 | D:1      | Reached skill level 2 in Long Blades
    60 | D:1      | Reached XP level 2. HP: 15/15 MP: 6/6
   143 | D:1      | Reached skill level 3 in Long Blades
   263 | D:1      | Reached XP level 3. HP: 18/18 MP: 7/7
   566 | D:1      | Found Gahoq's Magic Scroll Shop.
   583 | D:1      | Bought a scroll of identify for 24 gold pieces
   601 | D:2      | Learned a level 2 spell: Blink
   605 | D:2      | Learned a level 3 spell: Vhi's Electric Charge
   645 | D:2      | Gained mutation: Your natural rate of healing is unusually
                  | fast. [Vine Stalker growth]
   645 | D:2      | Reached XP level 4. HP: 18/23 MP: 5/8
   837 | D:2      | You fall into a shaft and drop 1 floor!
   939 | D:3      | Found a hide-covered altar of Uskayaw.
   990 | D:3      | Became a worshipper of Uskayaw the Reveller
  1035 | D:3      | Noticed a scorpion
  1153 | D:2      | Reached * piety under Uskayaw
  1849 | D:3      | Found a faded altar of an unknown god.
  2086 | D:3      | Reached ** piety under Uskayaw
  2136 | D:3      | Found Biyxioc's Antique Armour Emporium.
  2148 | D:3      | Reached XP level 5. HP: 11/26 MP: 3/9
  2206 | D:3      | Noticed Robin
  2239 | D:3      | Reached *** piety under Uskayaw
  2240 | D:3      | Killed Robin
  2243 | D:3      | Reached **** piety under Uskayaw
  2417 | D:3      | Found an ancient bone altar of Kikubaaqudgha.
  2612 | D:4      | Found a sparkling altar of Nemelex Xobeh.
  2645 | D:4      | Found a white marble altar of Elyvilon.
  2877 | D:3      | Found a snail-covered altar of Cheibriados.
  2878 | D:3      | Found a blossoming altar of Fedhas.
  2992 | D:4      | Found a transporter.
  2996 | D:4      | Reached XP level 6. HP: 27/32 MP: 8/10
  3322 | D:4      | Reached skill level 4 in Long Blades
  3491 | D:4      | HP: 1/32 [gnoll bouda/+0 club (5)]
  3701 | D:4      | Noticed Glaciallarry's ghost (amateur DgGl)
  3706 | D:4      | Found a transporter.
  3706 | D:4      | Identified the +5 dire flail of Eternal Vigilance {heavy,
                  | rN+ Dex+4 Stlth+}
  3898 | D:4      | Found an ornate altar of the Wu Jian Council.
  4019 | D:5      | Entered Level 5 of the Dungeon
  4029 | D:4      | Reached skill level 5 in Long Blades
  4029 | D:4      | Reached XP level 7. HP: 36/36 MP: 11/11
  4035 | D:4      | Slain by an orc

Illustrated notes

Levels and vault maps discovered:
D:1:      dreamdust_arrival_sigmund_warning, layout_rooms, serial_shops, shop,
          kennysheep_decorative_pillar
D:2:      layout_basic
D:3:      layout_basic, nicolae_uskayaw_dance_hall, old_standard_altar,
          minitemple, nicolae_ecumenical_pavilion, serial_shops, shop_fountains,
          chequers_hall_statues_wall_a, uniq_robin
D:4:      minmay_polygon_palace, layout_gridville,
          nicolae_elyvilon_peaceful_grove, mainiacjoe_overflow_surrounded_room,
          nicolae_wu_jian_immortal_techniques, gammafunk_ghost_smash, uniq_ijyb
D:5:      layout_cave_pools, mainiacjoe_overflow_brackets,
          minmay_temple_entry_from_below_b, gammafunk_ghost_grave, uniq_menkaure

Skill      XL: |  1  2  3  4  5  6 |
---------------+-------------------+-----
Long Blades    | 2 3 5 |  5.0
Dodging        | 2 3 |  3.4
Fighting       | 3 |  3.1
Throwing       | |  0.8
Armour         | |  0.7
Spellcasting   | |  2.1
Translocations | |  3.0
Air Magic      | |  0.2

Action                     |  1- 3 |  4- 6 |  7- 9 || total
---------------------------+-------+-------+-------++-------
  Melee: Falchion          |    95 |    81 |       ||   176
         Bite              |    19 |   112 |       ||   131
         Long sword        |       |    11 |       ||    11
         Punch             |       |     4 |       ||     4
         Dagger            |       |   232 |       ||   232
         Scimitar          |       |    22 |     1 ||    23
  Throw: Boomerang         |       |     8 |       ||     8
   Cast: Blink             |       |     2 |       ||     2
    Use: Scroll            |     2 |     3 |       ||     5
   Stab: Sleeping          |       |     3 |       ||     3
         Paralysed         |       |     2 |       ||     2
 Armour: Leather armour    |    39 |    61 |     1 ||   101
  Dodge: Dodged            |    74 |   219 |     3 ||   296

Table legend: (Time is in decaauts)
 A = Elapsed time spent in this place.
 B = Non-inter-level travel time spent in this place.
 C = Inter-level travel time spent in this place.
 D = Time resting spent in this place.
 E = Time spent auto-exploring this place.
 F = Levels seen in this place.
 G = Mean time per level.
                   A        B        C        D        E       F      G
               +--------+--------+--------+--------+--------+-----+--------+
         Total |   4049 |   3613 |    436 |     70 |   2561 |   5 |  809.8 |
       Dungeon |   4049 |   3613 |    436 |     70 |   2561 |   5 |  809.8 |
               +--------+--------+--------+--------+--------+-----+--------+

Top non-repeatable levels by time:
     D:4: 1312 daAuts
     D:3: 1071 daAuts
     D:2: 1001 daAuts
     D:1: 656 daAuts
     D:5: 7 daAuts
